 Dungeon Crawl Stone Soup version 0.29.1-2-gbd0b4ee654 (console) character file.

Game seed: 5543563000138215887

18 Goreval the Magician (level 2, 15/15 HPs)
             Began as an Octopode Hedge Wizard on Nov 15, 2022.
             Was a Follower of Hepliaklqana.
             Got out of the dungeon alive.
             The game lasted 00:04:24 (969 turns).

Goreval the Magician (Octopode Hedge Wizard)         Turns: 969, Time: 00:04:24

Health: 15/15      AC:  1    Str:  9    XL:     2   Next: 70%
Magic:  6/6        EV: 13    Int: 16    God:    Hepliaklqana [*.....]
Gold:   33         SH:  0    Dex: 11    Spells: 2/7 levels left

rFire   . . .      SeeInvis .   a - +0 dagger
rCold   . . .      Faith    .   (no shield)
rNeg    . . .      Spirit   .   b - +0 hat
rPois   .          Reflect  .   (no amulet)
rElec   .          Harm     .   (no ring)
rCorr   .          Rampage  .   (no ring)
Will    .....                   (no ring)
Stlth   +++.......              (no ring)
HPRegen 0.05/turn               (no ring)
MPRegen 0.10/turn               (no ring)
                                (no ring)
                                (no ring)

@: no status effects
A: reduced essence, almost no armour, amphibious, 8 rings, camouflage 1,
gelatinous body 1, (nimble swimmer 1), tentacles
a: Renounce Religion, Recall Ancestor, Ancestor Identity


You escaped.
You worshipped Hepliaklqana.
Hepliaklqana was aware of your devotion.
You visited 1 branch of the dungeon, and saw 1 of its levels.

You collected 33 gold pieces.

Inventory:

Hand Weapons
 a - a +0 dagger (weapon)
Armour
 b - a +0 hat (worn)
Scrolls
 d - a scroll of fog {unknown}
 f - a scroll of vulnerability {unknown}
 g - 2 scrolls of teleportation {unknown}
Potions
 c - a potion of magic
 e - a potion of resistance {unknown}


   Skills:
 + Level 2.2 Dodging
 - Level 2.6 Stealth
 + Level 3.1 Spellcasting
 * Level 1.7 Conjurations
 + Level 1.4 Summonings
 - Level 1.0 Translocations


You had 2 spell levels left.
You knew the following spells:

 Your Spells              Type           Power      Damage    Failure   Level
a - Magic Dart            Conj           32%        1d4       9%          1
n - Blink                 Tloc           10%        N/A       19%         2
z - Call Imp              Summ           7%         N/A       16%         2

Your spell library contained the following spells:

 Spells                   Type           Power      Damage    Failure   Level
 Slow                     Hex            8%         N/A       19%         1
 Conjure Flame            Conj/Fire      5%         6-21      36%         3
 Mephitic Cloud           Conj/Pois/Air  4%         N/A       41%         3


Dungeon Overview and Level Annotations

Branches:
Dungeon (1/15)

Altars:
Hepliaklqana


Innate Abilities, Weirdness & Mutations

Your life essence is reduced to manifest your ancestor. (-10% HP)
You cannot wear most types of armour.
You are amphibious.
You can wear up to eight rings at the same time.
Your skin changes colour to match your surroundings (Stealth+).
Your rubbery body absorbs attacks. (AC +1, EV +1)
((You are camouflaged when in or above water. (Stealth+)))
You have tentacles for arms and can constrict up to eight enemies at once.


Message History

No target in view!
You swap places.
You swap places.
A rat comes into view.
A rat is nearby!
You miscast Magic Dart.
You are very lightly contaminated with residual magic.
Nothing appears to happen.
The magic dart hits the rat.
You kill the rat!
Your magical contamination has completely faded away.
You swap places.
There is an open door here.
There is an open door here.
There is a dry fountain here.
There is an open door here.
You see here a +0 dagger.
g - 2 scrolls labelled KUYF JE LORR (gained 1)
A kobold comes into view. It is wielding a +0 whip.
The magic dart hits the kobold.
You kill the kobold!
Things that are here:
a +0 whip; 2 stones; a kobold corpse You now have 27 gold pieces (gained 12).
You now have 33 gold pieces (gained 6).
Done exploring.
Done exploring.
Done exploring.
Here: Tepiltzin the ancestor (friendly)
The floor.
Okay, then.
(D) Dungeon
Where to? (? - help)
Okay, then.
You swap places.
You see here a +0 leather armour.
There is an open door here.
There is a staircase leading out of the dungeon here.
Are you sure you want to leave the Dungeon?
This will make you lose the game!
You have escaped!

#..........#..###..#.##.#################.....##.#
##......##..................†................####.#
#...........##......#.##.###.#############.#.# #.#
##### ##..#.#.#...##..###......###.## #.#.####.#
#...#######.#.#.......................# #...)....#
##.###.......#......>...#####.....###..###
#.#.###..# #................#.#..###
###..##.###....# #####+#......#
##.###.###.........#..#####(...##.#....###
#......####..# #.....#
#.#.#..[...............#.#....# #......# #..#
####### #.#.......######.#.#.#.#.'....# #......#
#..# #......#.##...##...#.#...#...## #......# ##.#
###....#.#...(.#.###.###.#...# #......#####+###
#.####.#.....#.# #.# #.#...# #..............#
#.####.#.....#.###.# #.#...# #######........#
#......##...##.....# #.#...# #..⌠.∩...#
#.###...'###'#R##### #.##### ##.....### #.# #.####
#...# #.####### #.._..# #.# #.## #####
#.......########### #####.# #.# #..# ########
######.............# #.# #.# ##.####.+#...##
#........######.##.# #.# #.# #.#....#.....#
#........# #...##.# ######.# #####.# #R#R#⌠.#.R@..#
#........# ######.###......# #.....# #...##.#.....#
#........# ####..###### #.##### ######.'#...##
#........# #.## #.# #..##### ########## ####.#
#.##############.....## ####....#
#.....................# #....####
###########.'###'###..#### ##.#### ###...## ##.[..#
### ###..# #.....# #.##.# #.# #...## #.....#
#.##.#######.###.### #.....# #)##..........##.#
##...## #.####...........#
###########.####.#####...>## #................#
###### #....#.#.#######.# #.####...# #.#
####)####.### #####.##### #.........# #.........#
#.##..#.### ########### #.##..#.#########
#.....#.......R.# #####.#########.#


You could see the friendly Tepiltzin the ancestor.

Vanquished Creatures
  A dart slug (D:1)
  3 endoplasms (D:1)
  A giant cockroach (D:1)
  2 goblins (D:1)
  A hobgoblin (D:1)
  2 quokkas (D:1)
  A frilled lizard (D:1)
  A kobold (D:1)
  4 rats (D:1)
16 creatures vanquished.

Vanquished Creatures (others)
  An ancestor (D:1)
1 creature vanquished.

Grand Total: 17 creatures vanquished

Notes
Turn   | Place    | Note
-------+----------+-------------------------------------------
     0 | D:1      | Goreval the Octopode Hedge Wizard began the quest for the
                  | Orb.
     0 | D:1      | Reached XP level 1. HP: 11/11 MP: 4/4
   256 | D:1      | Reached XP level 2. HP: 17/17 MP: 3/6
   259 | D:1      | Learned a level 2 spell: Call Imp
   262 | D:1      | Learned a level 2 spell: Blink
   378 | D:1      | Found a faded altar of an unknown god.
   391 | D:1      | Prayed at the altar of an unknown god.
   391 | D:1      | Became a worshipper of Hepliaklqana the Forgotten
   391 | D:1      | Reached * piety under Hepliaklqana
   969 | D:$      | Got out of the dungeon alive.

Illustrated notes

Levels and vault maps discovered:
D:1:      noname_arrival_rooms_in_the_neighbourhood, layout_basic,
          ebering_ecumenical_altar_abandoned

Action                   || total
-------------------------++-------
Melee: Dagger            ||     5
       Tentacles         ||     2
       Constrict         ||     1
       Punch             ||     1
 Cast: Magic Dart        ||    33
Invok: Ancestor Identity ||     1
Dodge: Dodged            ||     1
